[Event "December 12 Early 2023"]
[Site "https://www.chess.com"]
[Date "2023.12.12"]
[Round "8"]
[White "Baziuk, Vladyslav"]
[Black "Munoz Sanchez, Miguel"]
[Result "1-0"]
[Board "94"]
[TimeControl "180+1"]
[WhiteFideId "34107940"]
[BlackFideId "3600734"]
[WhiteElo "2530"]
[BlackElo "2356"]
[WhiteTeam "UKR"]
[BlackTeam "ECU"]
[WhiteClock "0:00:11"]
[BlackClock "0:00:02"]

1. e4 e6 2. d4 d5 3. e5 c5 4. c3 Qb6 5. Nf3 Bd7 6. Be2 Bb5 7. dxc5 Bxc5 8. O-O Bxe2 9. Qxe2 a5 10. Nbd2 a4 11. b4 axb3 12. Nxb3 Be7 13. Be3 Qc7 14. Rac1 Qc4 15. Qc2 Nc6 16. Nfd2 Qa4 17. c4 Nh6 18. cxd5 exd5 19. Bxh6 gxh6 20. Qf5 Rg8 21. e6 fxe6 22. Qxe6 Qg4 23. Qxd5 Rxa2 24. h3 Qg5 25. Qxg5 hxg5 26. Rfe1 Kf7 27. Ne4 Rd8 28. Rcd1 Rxd1 29. Rxd1 Rb2 30. Nbc5 Ne5 31. Rd5 Bxc5 32. Nxc5 Kf6 33. Rd6+ Kf7 34. g3 b6 35. Ne4 Nf3+ 36. Kg2 Ne1+ 37. Kf1 Rb1 38. Nxg5+ Ke7 39. Re6+ Kd7 40. Rxe1 Rb5 41. Nxh7 Rh5 42. Nf6+ Kc6 43. Nxh5 1-0

[Event "December 12 Early 2023"]
[Site "https://www.chess.com"]
[Date "2023.12.12"]
[Round "8"]
[White "Silva Lucena, Cristian"]
[Black "Storn, Justin"]
[Result "1-0"]
[Board "95"]
[TimeControl "180+1"]
[WhiteFideId "2232588"]
[BlackFideId "30922720"]
[WhiteElo "2526"]
[BlackElo "2352"]
[WhiteTeam "ESP"]
[BlackTeam "USA"]
[WhiteClock "0:01:49"]
[BlackClock "0:00:16"]

1. d4 Nf6 2. c4 g6 3. Nc3 Bg7 4. e4 d6 5. f3 O-O 6. Be3 c5 7. Nge2 Nc6 8. Qd2 a6 9. Rd1 Nd7 10. d5 Nce5 11. Ng3 f5 12. exf5 gxf5 13. Be2 b5 14. Nh5 bxc4 15. Nxg7 Kxg7 16. Bh6+ Kh8 17. Bxf8 Qxf8 18. f4 Nd3+ 19. Bxd3 cxd3 20. Qxd3 a5 21. O-O Ba6 22. Nb5 a4 23. Rfe1 Nf6 24. b3 axb3 25. a4 b2 26. Qxf5 Bxb5 27. axb5 Ra5 28. Qd3 Ra4 29. Qc3 Rxf4 30. Rb1 Rd4 31. Rxb2 Nxd5 32. Qg3 e5 33. b6 Rb4 34. Rxb4 cxb4 35. b7 Qb8 36. Qf3 Qxb7 37. Qf8# 1-0

[Event "December 12 Early 2023"]
[Site "https://www.chess.com"]
[Date "2023.12.12"]
[Round "8"]
[White "IranianCheetah"]
[Black "Estrada Nieto, Julian"]
[Result "0-1"]
[Board "96"]
[TimeControl "180+1"]
[BlackFideId "5101018"]
[WhiteElo "2348"]
[BlackElo "2526"]
[BlackTeam "ESP"]
[WhiteClock "0:00:00"]
[BlackClock "0:00:44"]

1. e4 e5 2. Nf3 Nc6 3. Bb5 a6 4. Bxc6 dxc6 5. O-O Bg4 6. h3 Bh5 7. g4 Bg6 8. Nxe5 Qh4 9. Qf3 f6 10. Nd3 O-O-O 11. Nc3 Bd6 12. Kg2 h5 13. Rh1 Nh6 14. Nf4 Bxf4 15. Qxf4 hxg4 16. hxg4 Qxg4+ 17. Qxg4+ Nxg4 18. Rxh8 Rxh8 19. f3 Ne5 20. d4 Nc4 21. b3 Nd6 22. Bf4 Kd7 23. Rd1 Bf7 24. d5 cxd5 25. Nxd5 Bxd5 26. Rxd5 Ke6 27. Bxd6 cxd6 28. c4 b6 29. a4 a5 30. Rb5 Rb8 31. Kg3 Kd7 32. Kf4 g6 33. Ke3 Kc6 34. Kd4 Rh8 35. b4 axb4 36. Rxb4 Rh1 37. a5 bxa5 38. Ra4 g5 39. Rxa5 Rd1+ 40. Ke3 Rc1 41. Rf5 Rxc4 42. Rxf6 Rc5 43. Kd4 Ra5 44. Rf5 Rxf5 45. exf5 Kd7 46. Ke4 Ke7 47. f4 g4 48. Ke3 Kf7 49. Ke4 Kf6 50. Ke3 Kxf5 0-1

[Event "December 12 Early 2023"]
[Site "https://www.chess.com"]
[Date "2023.12.12"]
[Round "8"]
[White "Pham, Le Thao Nguyen"]
[Black "Monpeurt, Cyrielle"]
[Result "0-1"]
[Board "98"]
[TimeControl "180+1"]
[WhiteFideId "12401226"]
[BlackFideId "677400"]
[WhiteElo "2522"]
[BlackElo "2272"]
[WhiteTeam "VIE"]
[BlackTeam "FRA"]
[WhiteClock "0:00:01"]
[BlackClock "0:00:17"]

1. d4 Nf6 2. Nf3 c5 3. c3 d5 4. Bf4 Nc6 5. e3 Qb6 6. Qb3 c4 7. Qc2 Bf5 8. Qc1 Nh5 9. Bg3 h6 10. Nbd2 e6 11. Be2 Be7 12. Bh4 g5 13. Ne5 Nxe5 14. dxe5 gxh4 15. Bxh5 Rg8 16. g3 Rg5 17. Be2 hxg3 18. hxg3 O-O-O 19. Nf3 Rgg8 20. Nd4 Be4 21. Rh3 h5 22. Bxh5 f6 23. Bf7 Rh8 24. Bxe6+ Kb8 25. exf6 Bxf6 26. Bg4 Rxh3 27. Bxh3 Rh8 28. Bf1 Rh1 29. b4 Bd3 30. Kd2 Rxf1 31. Qxf1 Bxf1 32. Rxf1 a5 33. a3 axb4 34. axb4 Qa6 35. Rc1 Qa2+ 36. Rc2 Qa4 37. f4 Bxd4 38. exd4 Qd7 39. Rc1 Qg4 40. Rg1 Kc7 41. Re1 Kd6 42. Re5 Qxg3 0-1

[Event "December 12 Early 2023"]
[Site "https://www.chess.com"]
[Date "2023.12.12"]
[Round "8"]
[White "Krysa, Leandro"]
[Black "Dilmukhametov, Artur"]
[Result "1-0"]
[Board "99"]
[TimeControl "180+1"]
[WhiteFideId "116807"]
[BlackFideId "24179922"]
[WhiteElo "2712"]
[BlackElo "2451"]
[WhiteTeam "ARG"]
[BlackTeam "RUS"]
[WhiteClock "0:00:29"]
[BlackClock "0:00:11"]

1. e4 c6 2. d4 d5 3. exd5 cxd5 4. c4 Nf6 5. Nc3 Nc6 6. Nf3 Bg4 7. cxd5 Nxd5 8. Qb3 Bxf3 9. gxf3 e6 10. Qxb7 Nxd4 11. Bb5+ Nxb5 12. Qc6+ Ke7 13. Qxb5 Nxc3 14. bxc3 Qd5 15. Qxd5 exd5 16. Rb1 f6 17. Rb7+ Ke6 18. Be3 a5 19. Bd4 Rg8 20. Kd2 Bd6 21. h3 Bf4+ 22. Kd3 Rgb8 23. Rhb1 g6 24. R1b6+ Kf5 25. Rxf6+ Kg5 26. Rxh7 Rb2 27. h4# 1-0

[Event "December 12 Early 2023"]
[Site "https://www.chess.com"]
[Date "2023.12.12"]
[Round "8"]
[White "Hua, Lefong"]
[Black "Pourkashiyan, Atousa"]
[Result "1-0"]
[Board "100"]
[TimeControl "180+1"]
[WhiteFideId "2602253"]
[BlackFideId "12502014"]
[WhiteElo "2656"]
[BlackElo "2447"]
[WhiteTeam "CAN"]
[BlackTeam "USA"]
[WhiteClock "0:02:05"]
[BlackClock "0:00:43"]

1. d4 Nf6 2. c4 e6 3. Nc3 Bb4 4. f3 d5 5. a3 Bxc3+ 6. bxc3 c5 7. cxd5 Nxd5 8. dxc5 Qa5 9. e4 Ne7 10. Be3 Nd7 11. Qb3 Nc6 12. Bb5 O-O 13. Ne2 a6 14. Bxc6 bxc6 15. Qb4 Qc7 16. O-O a5 17. Qd4 Ba6 18. Rfe1 e5 19. Qd6 Rac8 20. Ng3 g6 21. Red1 Nb8 22. Qf6 Nd7 23. Rxd7 Qxd7 24. Bh6 1-0

[Event "December 12 Early 2023"]
[Site "https://www.chess.com"]
[Date "2023.12.12"]
[Round "8"]
[White "Khromkin, Andrey"]
[Black "Ambartsumova, Karina"]
[Result "0-1"]
[Board "101"]
[TimeControl "180+1"]
[WhiteFideId "4154126"]
[BlackFideId "4166299"]
[WhiteElo "2451"]
[BlackElo "2627"]
[WhiteTeam "RUS"]
[BlackTeam "RUS"]
[WhiteClock "0:00:00"]
[BlackClock "0:00:32"]

1. d4 Nf6 2. c4 e6 3. Nf3 d5 4. Nc3 Bb4 5. Qa4+ Nc6 6. e3 O-O 7. Bd2 a6 8. Qc2 dxc4 9. Bxc4 Bd6 10. O-O e5 11. Ng5 exd4 12. Nd5 g6 13. exd4 Nxd4 14. Qc3 Be5 15. Qe3 Ng4 16. Qh3 Bxh2+ 17. Kh1 Nxf2+ 18. Rxf2 Bxh3 19. Kxh2 Bf5 20. g4 c6 21. Ne3 Be6 22. Nxe6 fxe6 23. Rxf8+ Qxf8 24. Rf1 Qd6+ 25. Kg1 Qg3+ 26. Ng2 Nf3+ 27. Rxf3 Qxf3 28. Bc3 Qxg4 0-1

[Event "December 12 Early 2023"]
[Site "https://www.chess.com"]
[Date "2023.12.12"]
[Round "8"]
[White "Mizzi, Jack"]
[Black "Souleidis, Georgios"]
[Result "0-1"]
[Board "102"]
[TimeControl "180+1"]
[WhiteFideId "5602521"]
[BlackFideId "4206827"]
[WhiteElo "2434"]
[BlackElo "2626"]
[WhiteTeam "MLT"]
[BlackTeam "GRE"]
[WhiteClock "0:00:00"]
[BlackClock "0:01:15"]

1. d4 Nf6 2. c4 g6 3. g3 Bg7 4. Bg2 O-O 5. Nf3 d6 6. O-O Nc6 7. Nc3 e5 8. dxe5 Nxe5 9. Nxe5 dxe5 10. Bg5 Qxd1 11. Rfxd1 c6 12. Rac1 h6 13. Be3 Be6 14. b3 Nd7 15. Ne4 f5 16. Nc5 Nxc5 17. Bxc5 Rfd8 18. Bd6 Rd7 19. c5 Rad8 20. Re1 e4 21. f3 Bd5 22. fxe4 fxe4 23. Bh3 Rf7 24. e3 Bf8 25. Be5 Bg7 26. Bd6 Bf8 27. Be5 Re8 28. Bd4 Bg7 29. Rcd1 Ref8 30. Rf1 Bxd4 31. Rxd4 Rxf1+ 32. Bxf1 Rf3 33. Bh3 Rxe3 34. Rxd5 cxd5 35. Be6+ Kf8 36. Bxd5 Re2 37. b4 e3 38. Bxb7 Ke7 39. Bd5 Rd2 40. Be4 Rd1+ 41. Kg2 e2 0-1

[Event "December 12 Early 2023"]
[Site "https://www.chess.com"]
[Date "2023.12.12"]
[Round "8"]
[White "Thorfinnsson, Bjorn"]
[Black "Mazurkiewicz, Michal"]
[Result "0-1"]
[Board "103"]
[TimeControl "180+1"]
[WhiteFideId "2300982"]
[BlackFideId "1124943"]
[WhiteElo "2604"]
[BlackElo "2430"]
[WhiteTeam "ISL"]
[BlackTeam "POL"]
[WhiteClock "0:01:54"]
[BlackClock "0:01:16"]

1. d4 Nf6 2. Nf3 g6 3. Bg5 Bg7 4. e3 O-O 5. Bd3 d5 6. Nbd2 c6 7. c3 Re8 8. Qc2 Nbd7 9. h4 h5 10. O-O-O e5 11. dxe5 Nxe5 12. Nxe5 Rxe5 13. f4 Rxe3 14. f5 Rxd3 15. Qxd3 Bxf5 16. Qd4 Qd6 17. Nc4 Qe6 18. Nd2 Ne4 19. Qb4 Nf2 20. Nf3 Nxh1 21. Rxh1 Qe2 22. Ne1 Re8 23. Qxb7 Qf2 24. Bd2 Bh6 0-1

[Event "December 12 Early 2023"]
[Site "https://www.chess.com"]
[Date "2023.12.12"]
[Round "8"]
[White "Bogaudinov, Rushan"]
[Black "Jaiveer Mahendru"]
[Result "1-0"]
[Board "104"]
[TimeControl "180+1"]
[WhiteFideId "4129288"]
[BlackFideId "25611151"]
[WhiteElo "2428"]
[BlackElo "2572"]
[WhiteTeam "RUS"]
[BlackTeam "IND"]
[WhiteClock "0:01:35"]
[BlackClock "0:01:44"]

1. e4 c5 2. Nf3 d6 3. d4 cxd4 4. Nxd4 Nf6 5. Nc3 a6 6. h3 e5 7. Nde2 h5 8. g3 Be6 9. Bg2 Be7 10. O-O Qc8 11. h4 Bh3 12. Bg5 Bxg2 13. Kxg2 Ng4 14. Bxe7 Kxe7 15. Nd5+ Ke8 16. Nb6 Qc6 17. Nxa8 Qxe4+ 18. Kg1 g5 19. Qxd6 Nd7 20. Nc7+ Kd8 21. Rad1 Kc8 22. Qxd7+ Kb8 23. Nc3 Qf3 24. Qd5 1-0

[Event "December 12 Early 2023"]
[Site "https://www.chess.com"]
[Date "2023.12.12"]
[Round "8"]
[White "Rios Escobar, Adan"]
[Black "Iskusnyh, Sergei"]
[Result "0-1"]
[Board "105"]
[TimeControl "180+1"]
[WhiteFideId "3403645"]
[BlackFideId "4120027"]
[WhiteElo "2425"]
[BlackElo "2570"]
[WhiteTeam "CHI"]
[BlackTeam "RUS"]
[WhiteClock "0:00:06"]
[BlackClock "0:00:09"]

1. Nf3 d5 2. e3 Nf6 3. c4 c6 4. Nc3 a6 5. a4 Bf5 6. cxd5 cxd5 7. Qb3 Nc6 8. Qxb7 Na5 9. Qb4 e6 10. Qh4 Nb3 11. a5 Nxa1 12. Qa4+ Nd7 13. Qxa1 Bb4 14. Nd4 Qxa5 15. Qxa5 Bxa5 16. Nxf5 exf5 17. Nxd5 Rc8 18. Kd1 Nc5 19. b4 Ne4 20. Bxa6 Rd8 21. Bb5+ Kf8 22. Bc6 Bxb4 23. Nxb4 Nxf2+ 24. Ke2 Nxh1 25. Ba3 Kg8 26. Nd5 h5 27. g3 Rh6 28. Ne7+ Kh8 29. Bxh1 Ra6 30. Bc5 g6 31. Nd5 Rc8 32. Bd4+ Kh7 33. Nf6+ Kh6 34. Bb7 Rcc6 35. Bxa6 Rxa6 36. Nd5 Ra2 37. Nf4 Kg5 38. h4+ Kg4 39. Be5 Kxg3 40. Nxg6+ Kg4 41. Nh8 Ra7 42. Bf6 Rd7 43. d4 f4 44. exf4 Kxf4 45. Kd3 Kf5 46. Bg5 f6 47. Bh6 Rh7 48. Nf7 Rxf7 49. Kc4 Rc7+ 50. Kd5 Kg4 51. Bf8 Kxh4 52. Ke6 Rc8 53. Be7 Kg4 54. Bxf6 h4 55. d5 h3 56. Be5 h2 57. d6 Re8+ 58. Kf6 Rxe5 59. Kxe5 h1=Q 60. Ke6 Qh6+ 61. Ke7 Qg7+ 62. Ke8 Qg8+ 63. Ke7 Qg7+ 64. Ke8 Qe5+ 65. Kd7 Kf5 66. Kc6 Ke6 67. Kc7 Qd5 68. d7 Qxd7+ 69. Kb6 Ke5 70. Kc5 Ke4 71. Kc4 Qc7+ 72. Kb3 Kd3 73. Kb4 Qb6+ 74. Ka3 Kc3 75. Ka2 Qb2# 0-1

[Event "December 12 Early 2023"]
[Site "https://www.chess.com"]
[Date "2023.12.12"]
[Round "8"]
[White "Marchesich, Giovanni"]
[Black "Belov, Alexei"]
[Result "0-1"]
[Board "106"]
[TimeControl "180+1"]
[WhiteFideId "2824790"]
[BlackFideId "4128206"]
[WhiteElo "2423"]
[BlackElo "2568"]
[WhiteTeam "ITA"]
[BlackTeam "RUS"]
[WhiteClock "0:00:27"]
[BlackClock "0:00:48"]

1. e4 e6 2. d3 d5 3. Nd2 Nf6 4. Ngf3 Nc6 5. Be2 e5 6. O-O g6 7. c3 a5 8. a4 Bg7 9. Qc2 O-O 10. Re1 Re8 11. Bf1 h6 12. b3 Kh7 13. Bb2 Be6 14. Rad1 Qd7 15. exd5 Nxd5 16. Ne4 b6 17. d4 exd4 18. Bb5 Bg4 19. Nxd4 Bxd1 20. Bxc6 Bxc2 21. Bxd7 Rxe4 22. Nxc2 Rxe1+ 23. Nxe1 Rd8 24. Bc6 Nxc3 25. Bf3 Rd2 26. Bc1 Ne2+ 27. Bxe2 Rxe2 28. Kf1 Ra2 29. Nd3 Bd4 30. f3 c6 31. h4 b5 32. axb5 cxb5 33. g4 Rc2 34. Ke1 Rc3 35. Bd2 Rxd3 0-1

[Event "December 12 Early 2023"]
[Site "https://www.chess.com"]
[Date "2023.12.12"]
[Round "8"]
[White "Martinez Fernandez, Adrian"]
[Black "Parra Gomez, Adrian"]
[Result "1-0"]
[Board "107"]
[TimeControl "180+1"]
[WhiteFideId "32049048"]
[BlackFideId "3513106"]
[WhiteElo "2539"]
[BlackElo "2421"]
[WhiteTeam "ESP"]
[BlackTeam "CUB"]
[WhiteClock "0:01:19"]
[BlackClock "0:00:00"]

1. e4 c5 2. Nf3 d6 3. Nc3 Nf6 4. Bc4 a6 5. a3 b5 6. Ba2 Bb7 7. d3 e6 8. O-O Nbd7 9. Bg5 Be7 10. Re1 O-O 11. Qd2 Qc7 12. Qf4 b4 13. Ne2 a5 14. a4 Rac8 15. Ng3 Rfe8 16. Qh4 Nf8 17. Qh3 Ng6 18. Nh4 Nxh4 19. Bxh4 d5 20. e5 Nd7 21. f4 Qc6 22. Bxe7 Rxe7 23. Nh5 Nf8 24. Re3 d4 25. Rg3 Ng6 26. Rf1 Qe8 27. Bc4 Rec7 28. b3 Bd5 29. Bxd5 exd5 30. f5 Qxe5 31. fxg6 hxg6 32. Nf4 c4 33. Rgf3 cxb3 34. cxb3 Rc2 35. Qd7 1-0

[Event "December 12 Early 2023"]
[Site "https://www.chess.com"]
[Date "2023.12.12"]
[Round "8"]
[White "Sari, Yasin"]
[Black "Osmak, Yuliia"]
[Result "1-0"]
[Board "108"]
[TimeControl "180+1"]
[WhiteFideId "6320902"]
[BlackFideId "14101602"]
[WhiteElo "2421"]
[BlackElo "2533"]
[WhiteTeam "TUR"]
[BlackTeam "UKR"]
[WhiteClock "0:01:23"]
[BlackClock "0:00:47"]

1. d4 g6 2. e4 Bg7 3. Nc3 Nc6 4. Be3 e5 5. d5 Nd4 6. Nge2 c5 7. dxc6 Nxc6 8. Nb5 Nf6 9. Nd6+ Kf8 10. Nc3 h5 11. Bc4 Ng4 12. Nxf7 Nxe3 13. fxe3 Qh4+ 14. g3 Qh3 15. Qf3 Ke7 16. Nxh8 Bxh8 17. O-O-O Nd8 18. Rhf1 Bg7 19. Nd5+ Kd6 20. Nf4+ 1-0

[Event "December 12 Early 2023"]
[Site "https://www.chess.com"]
[Date "2023.12.12"]
[Round "8"]
[White "Ovezdurdyyeva, Jemal"]
[Black "Tay, Junior"]
[Result "1-0"]
[Board "110"]
[TimeControl "180+1"]
[WhiteFideId "14001888"]
[BlackFideId "5800439"]
[WhiteElo "2416"]
[BlackElo "2508"]
[WhiteTeam "TKM"]
[BlackTeam "SGP"]
[WhiteClock "0:00:11"]
[BlackClock "0:00:10"]

1. e4 c5 2. Nf3 e6 3. c3 Nf6 4. Bd3 d5 5. exd5 exd5 6. O-O Bd6 7. Bc2 O-O 8. h3 Nc6 9. d4 Ne4 10. Nbd2 Bf5 11. dxc5 Bxc5 12. Nb3 Bb6 13. Nbd4 Bg6 14. Be3 Re8 15. a4 a6 16. Bb3 Nd6 17. Bxd5 Ne7 18. Ba2 Be4 19. Ne5 Nd5 20. Nxf7 Nxf7 21. Qh5 g6 22. Qg4 Nxe3 23. fxe3 Bd5 24. c4 Bxd4 25. exd4 Be6 26. Qf4 Qg5 27. Qf2 Rf8 28. Rae1 Ne5 29. Rxe5 Qxe5 30. dxe5 Rxf2 31. Rxf2 Rc8 32. b4 Bxc4 33. Rc2 b5 34. Kf2 Kf7 35. Ke3 Ke6 36. Bxc4+ bxc4 37. Kd4 Rd8+ 38. Kxc4 Kxe5 39. Re2+ Kf4 40. Re7 h5 41. Ra7 g5 42. Rxa6 Kg3 43. Rg6 g4 44. hxg4 hxg4 45. b5 Rd2 46. b6 Rxg2 47. a5 Rb2 48. a6 Kf4 49. a7 Ra2 50. b7 1-0

[Event "December 12 Early 2023"]
[Site "https://www.chess.com"]
[Date "2023.12.12"]
[Round "8"]
[White "Rangel, Daniel"]
[Black "Matveeva, Olga"]
[Result "0-1"]
[Board "112"]
[TimeControl "180+1"]
[WhiteFideId "2124475"]
[BlackFideId "24107018"]
[WhiteElo "2503"]
[BlackElo "2411"]
[WhiteTeam "BRA"]
[BlackTeam "RUS"]
[WhiteClock "0:00:03"]
[BlackClock "0:00:05"]

1. d4 d5 2. Nf3 Nf6 3. e3 c5 4. b3 Nbd7 5. Bb2 g6 6. dxc5 Nxc5 7. Bxf6 exf6 8. Bb5+ Bd7 9. Bxd7+ Qxd7 10. O-O Bg7 11. Nc3 Rd8 12. Qd4 Ne6 13. Qa4 f5 14. Qb4 Qd6 15. Qxd6 Rxd6 16. Nb5 Rb6 17. Nbd4 f4 18. Rae1 fxe3 19. Rxe3 O-O 20. Nxe6 fxe6 21. Rfe1 Rc8 22. Ng5 Rxc2 23. Nxe6 Rxa2 24. Nxg7 Kxg7 25. Re7+ Kh6 26. h4 Rxb3 27. Rf7 Kh5 28. Re5+ Kg4 29. Rxd5 Ra4 30. Rxh7 Rc4 31. Rg5+ Kf4 32. Rxg6 a5 33. h5 a4 34. Rf7+ Ke5 35. h6 Rh4 36. g3 Rh5 37. h7 a3 38. Rf8 a2 39. Ra8 Rb1+ 40. Kg2 a1=Q 41. Rxa1 Rxa1 42. Rg7 Rah1 43. Rxb7 Rxh7 44. Rb5+ Kd4 45. Rb4+ Kc5 46. Rf4 R1h2+ 47. Kf3 Kd5 48. Rf5+ Ke6 49. Rf4 Rf7 50. Rxf7 Kxf7 51. Ke3 Kf6 52. g4 Kg5 53. f3 Rh3 54. Ke4 Rh1 55. Ke3 Rf1 56. Ke2 Ra1 57. Kf2 Ra4 58. Kg3 Ra3 59. Kf2 Kf4 60. Kg2 Rxf3 61. g5 Rg3+ 0-1

[Event "December 12 Early 2023"]
[Site "https://www.chess.com"]
[Date "2023.12.12"]
[Round "8"]
[White "Krzywda, Andrzej"]
[Black "Bach Ngoc Thuy Duong"]
[Result "1-0"]
[Board "113"]
[TimeControl "180+1"]
[WhiteFideId "1114565"]
[BlackFideId "12408956"]
[WhiteElo "2503"]
[BlackElo "2407"]
[WhiteTeam "POL"]
[BlackTeam "VIE"]
[WhiteClock "0:00:07"]
[BlackClock "0:00:00"]

1. e4 c5 2. Nf3 d6 3. d4 cxd4 4. Nxd4 Nf6 5. Nc3 a6 6. Be3 e5 7. Nb3 Be6 8. h3 Nbd7 9. Qf3 b5 10. g4 Nb6 11. O-O-O Qc7 12. g5 Nfd7 13. Kb1 Be7 14. h4 Rc8 15. Bd3 Bc4 16. h5 b4 17. Ne2 d5 18. g6 Nf6 19. gxf7+ Kxf7 20. Ng3 Na4 21. Rc1 Qb7 22. Nf5 dxe4 23. Qg2 Rhg8 24. Bxc4+ Rxc4 25. Rhd1 Qb5 26. Rd6 Qb8 27. Rxa6 Qc8 28. Nxe7 Qxa6 29. Nxg8 Kxg8 30. Rg1 Ne8 31. h6 g6 32. Qf1 Qc6 33. Qd1 Kf7 34. Re1 Nf6 35. Bg5 Nd5 36. Bd2 1-0

[Event "December 12 Early 2023"]
[Site "https://www.chess.com"]
[Date "2023.12.12"]
[Round "8"]
[White "Donskov, Anatoly"]
[Black "Herman, Matthew"]
[Result "1-0"]
[Board "114"]
[TimeControl "180+1"]
[WhiteFideId "24143413"]
[BlackFideId "2028964"]
[WhiteElo "2403"]
[BlackElo "2502"]
[WhiteTeam "RUS"]
[BlackTeam "USA"]
[WhiteClock "0:00:14"]
[BlackClock "0:00:04"]

1. e4 e5 2. Nf3 Nc6 3. Bb5 a6 4. Ba4 Nf6 5. Qe2 b5 6. Bb3 Bc5 7. c3 O-O 8. O-O Re8 9. Rd1 d5 10. d3 h6 11. Nbd2 Qd6 12. Nf1 Bb6 13. Ng3 Na5 14. Bc2 c5 15. h3 Be6 16. Nh4 Qf8 17. Qf3 dxe4 18. dxe4 Nh7 19. Nhf5 Rad8 20. Re1 c4 21. Nh5 Bxf5 22. exf5 f6 23. h4 Qe7 24. Be4 Kh8 25. Bd5 Rd6 26. Be6 Red8 27. Qg4 Nf8 28. Bxh6 Nxe6 29. fxe6 gxh6 30. Qg6 Rxe6 31. Ng3 Rg8 32. Qh5 Qh7 33. Kf1 Qg6 34. Qf3 Nc6 35. Rad1 Ne7 36. Rd7 f5 37. h5 Qf6 38. Qb7 e4 39. Ne2 Qg5 40. g3 e3 41. Nf4 Rf6 42. Rxe7 Rg7 43. Ng6+ Rfxg6 44. hxg6 Qxg6 45. Rxg7 Qxg7 46. Qxb6 exf2 47. Qxf2 1-0

[Event "December 12 Early 2023"]
[Site "https://www.chess.com"]
[Date "2023.12.12"]
[Round "8"]
[White "Dinu, Dumitru-Daniel"]
[Black "Balla, Tamas-Kristof"]
[Result "1-0"]
[Board "115"]
[TimeControl "180+1"]
[WhiteFideId "1208403"]
[BlackFideId "1208497"]
[WhiteElo "2502"]
[BlackElo "2395"]
[WhiteTeam "ROU"]
[BlackTeam "ROU"]
[WhiteClock "0:01:01"]
[BlackClock "0:01:47"]

1. e4 c5 2. Nf3 Nc6 3. d4 cxd4 4. Nxd4 e5 5. Nb5 d6 6. c4 Be7 7. N1c3 a6 8. Na3 f5 9. Bd3 f4 10. g3 Nh6 11. Qh5+ Nf7 12. gxf4 exf4 13. Bxf4 Ne5 14. Bxe5 dxe5 15. Nd5 Bxa3 16. bxa3 O-O 17. Rg1 Kh8 18. Ke2 b5 19. c5 Bb7 20. Rg3 Bxd5 21. exd5 e4 22. Bxe4 Re8 23. Qxh7# 1-0

[Event "December 12 Early 2023"]
[Site "https://www.chess.com"]
[Date "2023.12.12"]
[Round "8"]
[White "Donchenko, Anatoly"]
[Black "Durucay, Uygar"]
[Result "0-1"]
[Board "116"]
[TimeControl "180+1"]
[WhiteFideId "4106091"]
[BlackFideId "44591560"]
[WhiteElo "2383"]
[BlackElo "2500"]
[WhiteTeam "GER"]
[BlackTeam "TUR"]
[WhiteClock "0:00:48"]
[BlackClock "0:01:42"]

1. Nf3 Nf6 2. c4 e6 3. g3 d5 4. Bg2 Be7 5. O-O O-O 6. d4 dxc4 7. Qc2 a6 8. a4 b5 9. axb5 Bb7 10. bxa6 Nxa6 11. Qxc4 Bd5 12. Qc3 Ne4 13. Qe1 Nb4 14. Rxa8 Qxa8 15. Nc3 Nxc3 16. bxc3 Na6 17. Qd1 c5 18. Ne1 Nc7 19. Bf4 Nb5 20. Qd3 c4 21. Qc2 Qa3 22. e4 Bc6 23. Bd2 Ra8 24. Nf3 Qa2 25. Qxa2 Rxa2 26. Ne5 Rxd2 27. Nxc6 Bf8 28. Rc1 h5 29. Bf1 Ba3 30. Ra1 Bb2 31. Ra8+ Kh7 32. Bxc4 Nxc3 33. d5 Nxe4 34. dxe6 fxe6 35. Bxe6 Nxf2 36. Bf5+ g6 37. h3 gxf5 38. Ne7 Nxh3+ 39. Kf1 Bc3 0-1

[Event "December 12 Early 2023"]
[Site "https://www.chess.com"]
[Date "2023.12.12"]
[Round "8"]
[White "Wanyama, Harold"]
[Black "Zhuk, Valeriy"]
[Result "1-0"]
[Board "117"]
[TimeControl "180+1"]
[WhiteFideId "10000380"]
[BlackFideId "24151254"]
[WhiteElo "2499"]
[BlackElo "2378"]
[WhiteTeam "UGA"]
[BlackTeam "RUS"]
[WhiteClock "0:01:42"]
[BlackClock "0:00:00"]

1. d4 d5 2. c4 c6 3. Nc3 Nf6 4. Nf3 e6 5. e3 Nbd7 6. Bd3 dxc4 7. Bxc4 b5 8. Bd3 Bb7 9. e4 b4 10. Na4 Be7 11. e5 Nd5 12. O-O c5 13. dxc5 Nxc5 14. Nxc5 Bxc5 15. Re1 Qb6 16. Qe2 a6 17. Ng5 h6 18. Ne4 Be7 19. Bd2 O-O 20. Qg4 Kh8 21. Qh5 f5 22. Bxh6 gxh6 23. Qxh6+ Kg8 24. Qg6+ Kh8 25. Ng3 Bc5 26. Re2 Qc7 27. Qxe6 Rae8 28. Qh6+ Qh7 29. Qxh7+ Kxh7 30. Bxf5+ Kg7 31. Rc1 Bb6 32. Rc4 Ne7 33. Bd7 1-0

[Event "December 12 Early 2023"]
[Site "https://www.chess.com"]
[Date "2023.12.12"]
[Round "8"]
[White "Andrews, Todd"]
[Black "Topalov, Aleksandar"]
[Result "0-1"]
[Board "118"]
[TimeControl "180+1"]
[WhiteFideId "2012456"]
[BlackFideId "925659"]
[WhiteElo "2498"]
[BlackElo "2373"]
[WhiteTeam "USA"]
[BlackTeam "SRB"]
[WhiteClock "0:00:08"]
[BlackClock "0:00:03"]

1. e4 e6 2. d4 d5 3. Nc3 Bb4 4. e5 Qd7 5. Bd2 b6 6. Bb5 c6 7. Ba4 Ba6 8. Nce2 Be7 9. c3 g6 10. Nf3 h5 11. O-O Nh6 12. Re1 Nf5 13. b4 Bb5 14. Bc2 c5 15. a4 Bxe2 16. Qxe2 cxd4 17. cxd4 Nc6 18. Bxf5 gxf5 19. Rab1 Rg8 20. Rec1 Rg4 21. Qd3 h4 22. h3 Re4 23. Bc3 a5 24. bxa5 bxa5 25. Nd2 Rf4 26. Nb3 Nb4 27. Qb5 Qxb5 28. axb5 Nd3 29. Rc2 a4 30. Ra1 Kd7 31. Rca2 f6 32. Rxa4 Rxa4 33. Rxa4 Rxf2 34. Ra7+ Ke8 35. exf6 Bxf6 36. Nc5 Rc2 37. Nxd3 Rxc3 38. Ne5 Bxe5 39. dxe5 Rb3 40. Ra6 Ke7 41. Ra7+ Ke8 42. Rb7 Re3 43. b6 Rxe5 44. Rh7 Re1+ 45. Kf2 Rb1 46. b7 Kd8 47. Kf3 e5 48. Ke3 Rb3+ 49. Kd2 f4 50. Kc2 Rb5 51. Kd3 Rb3+ 52. Kc2 Rb5 53. Kc3 Rb1 54. Rg7 Rb6 55. Kd3 Rb5 56. Kc2 Rb6 57. Rf7 Rb5 58. Rh7 Rb6 59. Kc3 Rb5 60. Kd3 Rb6 61. Ke2 Rb5 62. Kf3 Rb4 63. Kg4 d4 64. Kf3 d3 65. Kf2 e4 66. Ke1 Rb2 67. Rh8+ Kc7 68. Re8 e3 69. Re7+ Kb8 70. Re8+ Kxb7 71. Rxe3 Kc7 72. Kd1 fxe3 73. Kc1 Rc2+ 74. Kb1 e2 75. g3 e1=Q# 0-1

[Event "December 12 Early 2023"]
[Site "https://www.chess.com"]
[Date "2023.12.12"]
[Round "8"]
[White "Zaksaite, Salomeja"]
[Black "Kraiouchkine, Nikita"]
[Result "0-1"]
[Board "119"]
[TimeControl "180+1"]
[WhiteFideId "12801496"]
[BlackFideId "2607140"]
[WhiteElo "2368"]
[BlackElo "2497"]
[WhiteTeam "LTU"]
[BlackTeam "CAN"]
[WhiteClock "0:00:00"]
[BlackClock "0:00:04"]

1. e4 e5 2. Nf3 Nc6 3. d4 exd4 4. Nxd4 Nf6 5. Nxc6 bxc6 6. Bd3 d5 7. exd5 cxd5 8. O-O Be7 9. c4 O-O 10. cxd5 Qxd5 11. Nc3 Qa5 12. Qc2 Bb7 13. Ne4 Nd5 14. Bd2 Qb6 15. Rac1 Rad8 16. Rfe1 h6 17. a3 Rfe8 18. b4 Bf8 19. Nc5 Ba8 20. Bh7+ Kh8 21. Bf5 Rxe1+ 22. Rxe1 Nf6 23. Be3 Qc6 24. Bh3 Ng4 25. Bf4 Bxc5 26. bxc5 Qd5 27. f3 Nf6 28. Be5 Qc6 29. Bf5 Re8 30. Qc3 Bb7 31. Kf2 Nd5 32. Qd4 f6 33. Bg3 Rd8 34. Qc4 Nb6 35. Qc2 Nd5 36. Be4 Qa6 37. Rd1 c6 38. Qd3 Qa5 39. Bxd5 Rxd5 40. Qe2 Qxc5+ 41. Kf1 Rxd1+ 42. Qxd1 Ba6+ 43. Ke1 Qe3+ 0-1